cohdb
Replays
Latest Replays
All Replays
Popular Replays
Top Player Replays
Match Explorer
How It Works
Community
CoH3 Stats
Reddit
Sign in to upload your games and track your stats! →
Sign in with Steam
Match 42906236
Unlisted
Match 42906236
Overview
Messages
Build Orders
End
Selects Airborne Battlegroup
Selects Pathfinders
Pathfinder Squad
Construct Weapon Support Center
M1919 Machine Gun Team
Bazooka Squad
Selects Paratrooper Squad Paradrop
Paratrooper Squad Paradrop
Mechanized Support Center
Paratrooper Squad Paradrop
M3 Armored Personnel Carrier
Selects Anti-tank Gun Team Paradrop
Selects Recon Loiter
Recon Loiter
Construct Tank Depot
M4A1 Sherman Medium Tank
Engineer Squad
Selects Anti-tank Gun Team Paradrop
Construct Medical Station
Improvised Armor
M4A1 76mm Conversion
Designate Forward Repair Station
Selects Supply Drop
.30 cal Machine Gun
Anti-tank Gun Team Paradrop
Recon Loiter
Mortar Pit
M4A1(76) Sherman Medium Tank
Recon Loiter
Recon Loiter
RichardMeowser
Lord Phoenix
Cat Boss
Zeal
Seraph
Abeli
1028692768
Shina
0
0
Comments
sign in to comment!
No comments posted yet!